Description

test

VOD

https://youtu.be/i7guTzTi710?t=11m

Replay - Dark v Maru: Game 1 - Backwater LE

Build Order

Get SALT Encoding   

  12  0:00  Drone  
  13  0:12  Overlord  
  13  0:16  Drone  
  14  0:31  Drone x2  
  16  0:37  Drone  
  17  0:51  Hatchery  
  17  0:54  Drone x2  
  18  1:08  Extractor  
  17  1:14  Spawning Pool  
  17  1:15  Drone x2  
  18  1:28  Drone  
  20  1:51  Overlord  
  20  2:03  Queen x2  
  20  2:05  Zergling x4  
  26  2:11  Metabolic Boost  
  28  2:33  Extractor  
  30  2:39  Queen  
  33  2:46  Overlord  
  34  2:53  Extractor  
  36  2:59  Hatchery  
  43  3:30  Roach Warren  
  43  3:33  Extractor x2  
  44  3:44  Overlord x2  
  43  4:10  Roach x7  
  57  4:20  Spore Crawler  
  57  4:23  Roach x3  
  61  4:39  Zergling x12  
  64  4:45  Zergling x4  
  64  4:52  Ravager x4  
  74  5:17  Ravager  
  73  5:23  Ravager  
  63  5:40  Ravager  
Spawning Tool Build Advisor. Get it on Overwolf

Analysis

test

Go to:

Details

  • Created by: Glide     
  • Published on: Mar 27, 2018
  • Modified on: Mar 27, 2018
  • Patch: 4.0.0
Show
View Real Time Build Order
Export as new Build Order

Comments (2)

On July 28, 2018, 11:10 a.m., Dalton800  said:

The build is meant to have a third hatch at normal time. The 2 extractors at 28 and 34 saves the drone. I tried following this with those with out watching replay cuz I'm a noob and not was that wild

On March 27, 2018, 3:36 p.m., StoicLoofah  said:

Test successful!

Create an account to comment!